 Dungeon Crawl Stone Soup version 0.31.0-32-g396128a36d (webtiles) character file.

Game seed: 12480341765828782781

2833 Glalom the Destroyer (level 9, -8/49 HPs)
             Began as a Deep Elf Hedge Wizard on Mar 27, 2024.
             Was a High Priest of Hepliaklqana.
             Mangled by an orc warlord
             ... wielding a +5 broad axe
              (10 damage)
             ... in a bailey on Mar 28, 2024.
             The game lasted 00:59:17 (8739 turns).

Glalom the Destroyer (Deep Elf Hedge Wizard)        Turns: 8739, Time: 00:59:18

Health: -8/49      AC:  5    Str:  7    XL:     9   Next: 45%
Magic:  7/18       EV: 12    Int: 24    God:    Hepliaklqana [*****.]
Gold:   586        SH:  0    Dex: 14    Spells: 6/18 levels left

rFire   . . .        B - +1 dagger (venom)
rCold   . . .        (no shield)
rNeg    . . .        b - +0 robe
rPois   .            c - +1 hat
rElec   .            E - +0 cloak
rCorr   .            (no gloves)
SInv    .            l - +0 pair of boots
Will    .....        (no amulet)
Stlth   ++           h - ring of flight
HPRegen 0.28/turn    (no ring)
MPRegen 0.16/turn

%: no passive effects
@: flying
A: reduced essence
a: Renounce Religion, Recall Ancestor, Ancestor Identity, Transference, Idealise


You were in a bailey.
You worshipped Hepliaklqana.
Hepliaklqana was extremely pleased with you.
You visited 1 branch of the dungeon, and saw 7 of its levels.
You also visited: Bailey.

You collected 586 gold pieces.

Inventory:

Hand Weapons
 a - a +0 dagger
 s - a +1 quarterstaff of speed
 A - a +2 short sword of freezing
 B - a +1 dagger of venom (weapon)
 C - a +1 hammer of draining
 D - a +2 quarterstaff of chaos
Armour
 b - a +0 robe (worn)
 c - a +1 hat (worn)
 l - a +0 pair of boots (worn)
 E - a +0 cloak (worn)
Magical Staves
 r - a staff of earth
 G - a staff of fire
Jewellery
 h - a ring of flight (left hand)
 x - an amulet of faith
 H - an amulet of regeneration
Talismans
 q - a beast talisman
 t - a blade talisman
Scrolls
 e - 2 scrolls of identify
 f - 2 scrolls of fog
 j - a scroll of poison {unknown}
 o - 2 scrolls of enchant armour
 w - a scroll of blinking
 y - 3 scrolls of teleportation {unknown}
 z - a scroll of brand weapon {unknown}
 F - a scroll of noise {unknown}
 J - a scroll of acquirement
 K - 2 scrolls of fear {unknown}
Potions
 d - 3 potions of magic
 g - 2 potions of mutation {unknown}
 i - a potion of lignification {unknown}
 k - a potion of cancellation {unknown}
 m - 4 potions of heal wounds {unknown}
 n - 2 potions of haste {unknown}
 p - 5 potions of curing
 u - a potion of attraction {unknown}
 v - a potion of brilliance {unknown}
 I - a potion of enlightenment {unknown}


   Skills:
 - Level 6.0 Fighting
 - Level 2.4 Dodging
 - Level 2.4 Stealth
 - Level 5.0 Spellcasting
 - Level 9.0 Conjurations
 - Level 1.1 Summonings
 - Level 3.0 Translocations
 - Level 3.0 Air Magic
 + Level 5.9 Alchemy


You had 6 spell levels left.
You knew the following spells:

 Your Spells              Type           Power      Damage    Failure   Level
a - Magic Dart            Conj           100%       1d8       1%          1
b - Blink                 Tloc           40%        N/A       3%          2
c - Mephitic Cloud        Conj/Alch/Air  34%        N/A       2%          3
d - Searing Ray           Conj           98%        2d8       1%          2
e - Fulminant Prism       Conj/Alch      20%        3d12      4%          4

Your spell library contained the following spells:

 Spells                   Type           Power      Damage    Failure   Level
 Cigotuvi's Dreadful Rot  Necr/Alch/Air  40%        N/A       4%          2
 Slow                     Hex            24%        N/A       9%          1
 Call Imp                 Summ           22%        N/A       9%          2
 Ozocubu's Armour         Ice            6%         N/A       26%         3
 Metabolic Englaciation   Hex/Ice        3%         N/A       94%         5
 Sculpt Simulacrum        Ice/Alch       10%        N/A       99%         6


Dungeon Overview and Level Annotations

Branches:
Dungeon (7/15)             Temple (0/1) D:6          Bailey (1/1)

Altars:
Ashenzari
Cheibriados
Hepliaklqana

Shops:
D:6 [**:


Message History

The goblin is heavily wounded.
The stinking cloud engulfs the orc warlord.
The orc warlord is moderately wounded.
The goblin is engulfed in noxious fumes.
The goblin appears confused.
The goblin hits you but does no damage.
The orc warlord is engulfed in noxious fumes.
The goblin is engulfed in noxious fumes.
The goblin appears confused.
The goblin hits the orc warlord but does no damage.
The goblin completely misses itself.
The orc warlord attacks as it pursues you!
The orc warlord barely misses you.
You hit the orc warlord but do no damage.
The orc warlord is poisoned.
The orc warlord is moderately wounded.
The orc warlord completely misses you.
The goblin is engulfed in noxious fumes.
The goblin appears confused.
The goblin is engulfed in noxious fumes.
The goblin appears confused.
The goblin is engulfed in noxious fumes.
The goblin appears confused.
Casting: Mephitic Cloud (dangerous; 2% risk of failure)
Confirm with . or Enter, or press ? or * to list all spells.
Aiming: Fulminant Prism (dangerous; 4% risk of failure)
Press: ? - help, Dir - move target You conjure a prism of explosive energy!
A fulminant prism comes into view.
Your fulminant prism crackles loudly.
Your fulminant prism explodes!
The orc warlord hits you with a +5 broad axe!!
Ouch! That really hurt!
* * * LOW HITPOINT WARNING * * *
The goblin screams, "I'll kill you anyway!"
The orc warlord attacks as it pursues you!
The orc warlord hits you with a +5 broad axe!
* * * LOW HITPOINT WARNING * * *
The orc warlord attacks as it pursues you!
The orc warlord hits you with a +5 broad axe!
You die...

.....().............##
......(..............#
.8...(.........8..8..#
.....................#
...####...####......##
..##~~#####~~##....##♣
..#~[?8..o8!=~#...##.♣
#'#~.........~#'###..♣♣
~.#~..8...8..~#.@~~...♣
~.##.........##.~o~...♣♣
~.#~....∩....~#.~()...∩♣
~.#~......... #.~~~...♣♣
~.#~~.8...8.~ #g(~~...♣
#'###.......###)###..♣♣
...#~.8...8.~#.)..##.♣
...#~~~~~~~~~#()...##♣
...####~~~####......##


You could see an orc warlord (poisoned) and a goblin (confused).

Vanquished Creatures
  3 orc warriors
  An ice beast (D:5)
  An ogre (D:5)
  A kobold brigand (D:6)
  3 scorpions
  2 wights (D:7)
  A bombardier beetle (D:5)
  A gnoll bouda (D:7)
  A hound (D:5)
  An orc priest (D:6)
  Crazy Yiuf (D:6)
  An iguana (D:6)
  A sleepcap (D:4)
  4 orc wizards (D:6)
  6 gnolls
  4 adders
  2 white imps (D:6)
  An ufetubus (D:6)
  2 dart slugs
  15 orcs
  9 ball pythons
  An endoplasm (D:4)
  4 giant cockroaches
  10 goblins
  7 hobgoblins
  3 quokkas
  A training dummy (D:4)
  11 bats
  4 frilled lizards
  19 kobolds
  3 rats
124 creatures vanquished.

Vanquished Creatures (collateral kills)
  Joseph (D:7)
  3 orc warriors
  3 ogres
  A phantom (D:7)
  3 scorpions
  3 wights (D:7)
  2 bombardier beetles
  An orc priest (D:6)
  A sleepcap (D:7)
  An orc wizard (D:6)
  3 gnolls (D:6)
  An adder (D:3)
  A shadow imp (D:6)
  3 ufetubi (D:6)
  A ribbon worm (D:3)
  3 orcs
  An endoplasm (D:3)
  2 goblins (Bailey)
  3 hobgoblins
  A training dummy (D:4)
  2 kobolds
  A rat (D:1)
41 creatures vanquished.

Vanquished Creatures (others)
  3 knights
  An ancestor (D:2)
  4 fulminant prisms (Bailey)
8 creatures vanquished.

Grand Total: 173 creatures vanquished

Notes
Turn   | Place    | Note
-------+----------+-------------------------------------------
     0 | D:1      | Glalom the Deep Elf Hedge Wizard began the quest for the
                  | Orb.
     0 | D:1      | Reached XP level 1. HP: 10/10 MP: 7/7
   130 | D:1      | Reached skill level 1 in Fighting
   213 | D:1      | Reached XP level 2. HP: 16/16 MP: 1/9
   403 | D:1      | Found a faded altar of an unknown god.
   434 | D:1      | Prayed at the altar of an unknown god.
   434 | D:1      | Became a worshipper of Hepliaklqana the Forgotten
   434 | D:1      | Reached * piety under Hepliaklqana
  1279 | D:2      | Reached XP level 3. HP: 10/18 MP: 1/10
  1660 | D:2      | Found a broken altar of Ashenzari.
  1936 | D:2      | Reached ** piety under Hepliaklqana
  1937 | D:2      | Remembered your ancestor Shiptu as a knight
  2195 | D:3      | Reached XP level 4. HP: 12/25 MP: 1/12
  2811 | D:3      | You are sucked into a shaft and drop 3 floors!
  2829 | D:6      | Noticed an ogre
  2829 | D:6      | Noticed a kobold brigand
  2836 | D:6      | Killed an ogre
  2837 | D:6      | Reached XP level 5. HP: 30/30 MP: 5/13
  2852 | D:6      | Reached XP level 6. HP: 16/36 MP: 1/14
  2889 | D:6      | Reached skill level 5 in Fighting
  3197 | D:6      | Found Gettewij's Armour Boutique.
  3220 | D:5      | Entered Level 5 of the Dungeon
  3273 | D:5      | Reached skill level 5 in Spellcasting
  3370 | D:5      | Reached skill level 2 in Conjurations
  3530 | D:5      | Reached skill level 3 in Conjurations
  3533 | D:5      | Learned a level 2 spell: Blink
  3592 | D:5      | Reached XP level 7. HP: 39/39 MP: 11/16
  3649 | D:5      | Reached skill level 4 in Conjurations
  3838 | D:4      | Found a snail-covered altar of Cheibriados.
  4367 | D:3      | Reached *** piety under Hepliaklqana
  4729 | D:4      | Reached skill level 5 in Conjurations
  5010 | D:4      | Learned a level 3 spell: Mephitic Cloud
  5695 | D:5      | Reached skill level 1 in Alchemy
  5711 | D:5      | Reached skill level 1 in Air Magic
  5767 | D:5      | Reached XP level 8. HP: 45/45 MP: 9/17
  5936 | D:5      | Reached **** piety under Hepliaklqana
  6411 | D:6      | Learned a level 2 spell: Searing Ray
  6416 | D:6      | Learned a level 4 spell: Fulminant Prism
  6420 | D:6      | Found Giobus's Assorted Antiques.
  6706 | D:6      | Found a staircase to the Ecumenical Temple.
  6731 | D:6      | Reached skill level 6 in Conjurations
  6979 | D:6      | Found a runed translucent door.
  6980 | D:6      | Noticed Crazy Yiuf
  7031 | D:6      | Killed Crazy Yiuf
  7349 | D:6      | Found Gejerob's Tremendous Tomes.
  7722 | D:6      | Found Adui's General Store.
  7817 | D:7      | Reached skill level 7 in Conjurations
  7903 | D:7      | Reached XP level 9. HP: 44/49 MP: 4/18
  7918 | D:7      | Noticed Joseph
  7946 | D:7      | Killed Joseph
  7947 | D:7      | Reached skill level 8 in Conjurations
  7947 | D:7      | Reached skill level 5 in Alchemy
  8067 | D:7      | Found a flagged portal.
  8142 | Bailey   | Entered a bailey
  8352 | Bailey   | Noticed an orc warlord
  8397 | Bailey   | Reached skill level 9 in Conjurations
  8512 | Bailey   | Found a runed translucent gate.
  8514 | Bailey   | Found a runed translucent gate.
  8515 | Bailey   | Found a runed translucent gate.
  8665 | Bailey   | Reached ***** piety under Hepliaklqana
  8738 | Bailey   | HP: 2/49 [orc warlord/+5 broad axe (11)]
  8739 | Bailey   | Mangled by an orc warlord

Illustrated notes

Levels and vault maps discovered:
D:1:      lemuel_arrival_tunnels, layout_rooms, serial_corexii_hall,
          corexii_hall_statues_u, chequers_hall_statues_y,
          chequers_hall_statues_wall_a, hellmonk_ecumenical_altar_lost_god,
          interstate_on_off, kennysheep_small_spiral, minmay_gold_behind_fungi
D:2:      layout_basic, basic_altar
D:3:      kb_forest_paths, layout_basic, nicolae_houndstooth_variations
D:4:      dreamdust_elfheim, layout_loops_corners, overflow_temple_1_default
D:5:      layout_loops_corners
D:6:      layout_basic, minmay_temple_entry_tees, serial_shops,
          nicolae_shop_hallway_plus, shop, nicolae_shop_just_a_little_nook,
          nicolae_shop_i_like_big_books, uniq_crazy_yiuf_cottage
D:7:      layout_basic, mainiacjoe_overflow_cross_hatched, enter_bailey_5,
          uniq_pikel, uniq_joseph
Bailey:   bailey_axe_bossmonster_kennysheep, bailey

Skill      XL: |  1  2  3  4  5  6  7  8  9 |
---------------+----------------------------+-----
Fighting       | 1 2 3 4 5 6 |  6.0
Spellcasting   | 5 |  5.0
Conjurations   | 3 5 7 9 |  9.0
Translocations | 3 |  3.0
Alchemy        | 1 4 5 |  5.9
Air Magic      | 1 2 3 |  3.0
Dodging        | |  2.4
Stealth        | |  2.4
Summonings     | |  1.1

Action                     |  1- 3 |  4- 6 |  7- 9 || total
---------------------------+-------+-------+-------++-------
  Melee: Dagger            |    23 |       |    18 ||    41
         Punch             |     1 |       |       ||     1
         Quarterstaff      |       |     6 |     2 ||     8
   Cast: Magic Dart        |    95 |    81 |   203 ||   379
         Searing Ray       |       |       |    21 ||    21
         Mephitic Cloud    |       |       |     5 ||     5
         Blink             |       |       |     2 ||     2
         Fulminant Prism   |       |       |     4 ||     4
 Invoke: Ancestor Identity |     2 |       |       ||     2
         Recall Ancestor   |     1 |     2 |       ||     3
         Ancestor Life: Kn |     1 |       |       ||     1
    Use: Scroll            |       |       |     4 ||     4
         Potion            |       |       |     2 ||     2
 Armour: Robe              |    18 |     8 |    35 ||    61
  Dodge: Dodged            |    31 |     7 |    44 ||    82
